AoeStats
← kristianDerAffe

Arabia

504819886Analyzed
2v2 RM · 24d ago on Sep 6, 2026· 50m 10s· 4 players
Game mode
Random Map
Map size
Medium (4 player)
Population
200
Speed
Normal
Resources
Standard
Victory
Conquest
Starting age
Dark Age
Ending age
Imperial Age
RankedLock teamsTeams togetherTeam positionsShared explorationLock speedFull tech treeHidden civsTurbo modeCheats
Victory
Defeat
🇨🇦 Vietnamese · Canada
1071
+15
🇨🇦 Georgians · Canada
1065
+16
🇨🇭 Britons · Switzerland
1157
-19
🇨🇭 Britons · Switzerland
960
-37
kingrog
3:21 Loom
9:42 Feudal Age
10:16 Double-Bit Axe
16:25 Fletching
18:00 Gold Mining
18:30 Padded Archer Armor
26:02 Castle Age
26:17 Crossbowman
26:55 Bodkin Arrow
35:28 Ballistics
39:46 Wheelbarrow
39:01 Horse Collar
40:53 Bow Saw
41:02 Leather Archer Armor
40:49 Heavy Plow
40:43 Town Watch
44:33 Imperial Age
44:45 Arbalester
45:29 Bracer
46:07 Ring Archer Armor
46:41 Chemistry
48:28 Gold Shaft Mining
kristianDerAffe
15:25 Feudal Age
14:10 Loom
16:41 Double-Bit Axe
22:41 Horse Collar
42:03 Castle Age
luckyjj
9:01 Feudal Age
8:52 Loom
10:41 Double-Bit Axe
10:59 Horse Collar
21:10 Castle Age
21:35 Light Cavalry
23:41 Bow Saw
23:57 Gold Mining
24:47 Scale Barding Armor
24:52 Forging
24:35 Fletching
27:32 Wheelbarrow
28:30 Chain Barding Armor
33:44 Iron Casting
33:05 Bodkin Arrow
35:53 Heavy Plow
38:28 Imperial Age
36:18 Hand Cart
35:56 Town Watch
36:51 Bloodlines
36:41 Husbandry
39:08 Stone Mining
39:49 Conscription
40:15 Ballistics
40:09 Masonry
40:05 Siege Engineers
39:55 Murder Holes
41:22 Town Patrol
41:38 Aznauri Cavalry
41:53 Elite Monaspa
44:17 Stone Shaft Mining
44:23 Hoardings
47:23 Plate Barding Armor
47:48 Blast Furnace
46:49 Bracer
50:02 Caravan
50:14 Svan Towers
Painkiller
8:29 Loom
10:34 Feudal Age
15:24 Fletching
17:55 Padded Archer Armor
27:32 Castle Age
27:56 Crossbowman
28:33 Bodkin Arrow
28:58 Gold Mining
28:59 Stone Mining
29:36 Leather Archer Armor
31:40 Thumb Ring
36:55 Ballistics
38:10 Double-Bit Axe
38:17 Horse Collar
40:19 Bow Saw
40:53 Caravan
46:53 Imperial Age
49:44 Scale Mail Armor
49:54 Forging
49:49 Husbandry
49:59 Bloodlines
49:41 Spies/Treason
Connection lost

Rejoining the realm…

Still unreachable

The connection could not be restored.

Session expired

The server has moved on; the page needs a fresh start.